[Event "Fagernes Chess GM-Swiss 2024"]
[Site "Fagernes"]
[Date "2024.03.27"]
[Round "4.11"]
[White "Mihajlov, Sebastian"]
[Black "Pranav Anand"]
[Result "0-1"]
[ECO "B86"]
[WhiteElo "2373"]
[BlackElo "2519"]
[Annotator "TA"]
[PlyCount "78"]
[EventDate "2024.03.25"]
[EventType "swiss"]
[EventCountry "NOR"]
[SourceTitle "playchess.com"]
[Source "ChessBase"]
[SourceQuality "1"]
[TimeControl "40/6000+30:2400+30"]

1. e4 c5 2. Nf3 d6 3. d4 cxd4 4. Nxd4 Nf6 5. Nc3 a6 6. Bc4 e6 7. Bb3 Nbd7 8. f4 Qc7 9. f5 Nc5 10. Qf3 Be7 {[%emt 0:05:38] The position is equal.} 11. g4 h5 ({Better is} 11... d5 $15 12. exd5 Nxb3 13. axb3 Qe5+ 14. Nde2 Nxd5) 12. g5 $14 Ng4 13. Bd2 ({White should try} 13. Bf4 $14) 13... Nxb3 $11 14. axb3 Qc5 15. Nce2 Bd7 16. b4 Qb6 (16... Qc8 $11) 17. h3 Ne5 18. Qb3 Rc8 19. g6 (19. O-O-O $11 {keeps the balance.}) 19... fxg6 (19... Bh4+ {seems wilder.} 20. Kd1 fxg6 21. Nxe6 Qc6) 20. O-O-O exf5 21. exf5 gxf5 (21... Rc4 $15 22. Bc3 gxf5 (22... Bxf5 23. Nxf5 gxf5 24. Rhe1 $14)) 22. Rhg1 g6 23. Be3 (23. Qe3 $11) 23... Qc7 24. Nf4 {[%emt 0:00:21] Black continues to play with concentration.} Qc4 25. Nxg6 (25. Qxc4 $142 Rxc4 (25... Nxc4 26. Nxg6 Nxe3 27. Rde1 $11) 26. b3) 25... Qxb3 $17 26. Nxb3 Nxg6 27. Rxg6 Kf7 $36 {[%emt 0:03:24][%mdl 2048] Black has strong initiative.} 28. Rg2 (28. Rg3 $17) 28... Rhg8 $1 $19 29. Rxg8 Rxg8 (29... Kxg8 30. Nc5 Bc6 (30... dxc5 31. Rxd7 Bf8 32. bxc5 $11) 31. Ne6) 30. Bf4 {[%emt 0:00:04] [#]} Bc6 $1 31. Bxd6 (31. Nd4 $142 Be4 32. b5) 31... Bf3 32. Rf1 {[%emt 0:00:41] [#] Hoping for Bxe7.} Bg2 $1 {[%emt 0:00:07] A strong pair of Bishops.} (32... Bxd6 33. Rxf3 f4 (33... Bxb4 34. Rxf5+ Kg6 35. Rf3 $11) 34. Kd1 $17) 33. Rd1 Bxd6 ({Don't take} 33... Bxh3 34. Bxe7 Kxe7 35. Nc5 $19) 34. Rxd6 Bxh3 {[%emt 0:00:03] KRB-KRN} 35. Nc5 $2 (35. Kd2) 35... Bg4 36. Kd2 Re8 37. Nxb7 Kg7 (37... f4 $142 38. Nc5 f3) 38. Rd4 $2 (38. Rxa6 Re2+ 39. Kc3) 38... h4 39. Nd6 Rh8 {[%emt 0:00:02] Weighted Error Value: White=0.55/Black=0.18 (very precise) .  Mistake:       	White=8     	Black=4      Inaccurate:     	White=1     	Black=1      OK:         	White=7     	Black=13     Best:        	White=1     	Black=4      Strong:       	---       	Black=2} 0-1

[Event "Fagernes Chess GM-Swiss 2024"]
[Site "Fagernes"]
[Date "2024.03.27"]
[Round "4.12"]
[White "Blomqvist, Erik"]
[Black "Carlsson, Ludvig"]
[Result "1-0"]
[ECO "C80"]
[WhiteElo "2511"]
[BlackElo "2350"]
[Annotator "TA"]
[PlyCount "67"]
[EventDate "2024.03.25"]
[EventType "swiss"]
[EventCountry "NOR"]
[SourceTitle "playchess.com"]
[Source "ChessBase"]
[SourceQuality "1"]
[TimeControl "40/6000+30:2400+30"]

1. e4 e5 2. Nf3 Nc6 3. Bb5 a6 4. Ba4 Nf6 5. O-O Nxe4 6. d4 b5 7. Bb3 d5 8. dxe5 Be6 9. Nbd2 Nc5 10. c3 d4 11. Bxe6 Nxe6 12. cxd4 Ncxd4 13. a4 Bb4 14. Ne4 {[%emt 0:00:45] Threatening Be3.} O-O 15. Be3 Nf5 {[%emt 0:07:56] The position is equal.} 16. Qb3 Nxe3 17. Qxe3 Qe7 18. h4 bxa4 19. Rfc1 a5 20. Rc4 Rfd8 21. h5 Qd7 (21... h6 $15 {feels stronger.}) 22. h6 $11 {[%emt 0:09:50] [#] hxg7 is the strong threat.} Qd3 23. Qc1 {[%emt 0:02:45] next hxg7 is good for White.} Nd4 $2 {[%emt 0:05:54][%mdl 8192] This move loses the game for Black.} (23... Be7 $11 {and Black stays safe.}) 24. Rxd4 {[%emt 0:31:51] White is clearly winning.} Rxd4 25. Qg5 $1 Bf8 26. Nf6+ {[%emt 0:03:54] A dynamic duo of knights.} Kh8 27. Nxd4 {[%emt 0:00:08] Strongly threatening hxg7+.} Qxd4 28. hxg7+ Bxg7 29. Ra3 {[%emt 0:06:27] And now Rg3 would win.} Qxb2 {[%emt 0:01:52] [#]} 30. Qf5 $1 Bxf6 31. Qxf6+ Kg8 32. Rg3+ ({Inferior is} 32. Rxa4 Qb1+ 33. Kh2 Qg6 $11) 32... Kf8 33. Rg7 Qb3 34. Qg5 {[%emt 0:00:50] Weighted Error Value: White=0.06 (flawless) /Black=0.54.  Loses game:     	---       	Black=1      Mistake:       	---       	Black=1      Inaccurate:     	White=1     	Black=1      OK:         	White=5     	Black=6      Best:        	White=1     	---        Strong:       	White=1     	---} 1-0

[Event "Fagernes Chess GM-Swiss 2024"]
[Site "Fagernes"]
[Date "2024.03.27"]
[Round "4.13"]
[White "Vestby-Ellingsen, Mads"]
[Black "Can, Isik"]
[Result "0-1"]
[ECO "D85"]
[WhiteElo "2336"]
[BlackElo "2493"]
[Annotator "TA"]
[PlyCount "114"]
[EventDate "2024.03.25"]
[EventType "swiss"]
[EventCountry "NOR"]
[SourceTitle "playchess.com"]
[Source "ChessBase"]
[SourceQuality "1"]
[TimeControl "40/6000+30:2400+30"]

1. c4 c5 2. Nf3 Nf6 3. Nc3 d5 4. cxd5 Nxd5 5. d4 Nxc3 6. bxc3 g6 7. e4 Bg7 8. Bb5+ {[%emt 0:03:24] 8.Be3 is a critical line.} Nd7 {[%emt 0:08:11] D85: Exchange Grünfeld: Unusual White 7th moves and lines with 7 Nf3.} 9. O-O a6 10. Be2 O-O 11. Bg5 Nf6 $146 ({Predecessor:} 11... cxd4 12. cxd4 b5 13. Rc1 Bb7 14. d5 Ne5 15. Nd4 Rc8 16. Rxc8 Bxc8 17. Qb3 Qd6 18. Rc1 {1-0 Garayev,M (2440)-Karpov,A (2238) Donskoj 07 2018 (3)}) 12. Qd3 (12. dxc5 Nxe4 13. Bc4 $19) 12... h6 13. Bf4 b5 $1 14. a4 (14. dxc5 Qxd3 15. Bxd3 Bb7 $17) 14... Bb7 15. Nd2 b4 16. Rab1 (16. dxc5 $2 bxc3 17. Rab1 Qxd3 18. Bxd3 Bc6 $19) 16... cxd4 17. Rxb4 dxc3 $1 18. Rxb7 (18. Qxc3 $2 {too greedy.} Nd5 $19) 18... Qxd3 19. Bxd3 Rfd8 20. Be2 $1 cxd2 21. f3 {[%emt 0:00:55] [#]} (21. Rb4 $15) 21... Nh5 $1 $17 22. Be3 Bd4 23. Kf2 Nf4 24. Bxd4 Rxd4 25. Rd1 Nxe2 26. Kxe2 Rad8 27. Rb2 (27. Rxe7 Rxa4 28. Re5 Kf8 $15) (27. a5 $142) 27... Rxa4 $17 28. Rdxd2 Rxd2+ 29. Rxd2 Kg7 30. Rd7 (30. Ke3 $17 {keeps fighting.}) 30... Ra2+ $19 31. Kf1 Kf6 32. Ra7 g5 33. h3 h5 34. Kg1 $2 (34. g3) 34... h4 $19 35. Kh2 $2 (35. Rb7) 35... a5 $19 36. Ra6+ e6 37. Ra7 (37. Kg1 $142) 37... a4 $19 38. Ra5 Ra1 39. Ra7 a3 40. Ra5 (40. Ra6 $142) 40... e5 $19 41. Ra6+ Ke7 42. Ra7+ (42. Rc6 $142) 42... Ke6 43. Ra6+ Kd7 44. Ra5 f6 45. Ra6 $2 (45. Rc5) 45... Kc7 $19 46. Rxf6 Rc1 47. Ra6 Rc3 48. Kg1 Kb7 49. Ra4 Kb6 (49... Kc6 $142 50. Kf1 Kb5) 50. Kf1 Kb5 51. Ra8 Kc4 52. Ke2 Kb3 53. Kd2 Kb2 54. Ra5 Rb3 55. Rxe5 a2 56. Ra5 a1=Q ({Worse is} 56... a1=B 57. Rxg5 Rb8 58. e5 $18) 57. Rxa1 Kxa1 0-1

[Event "Fagernes Chess GM-Swiss 2024"]
[Site "Fagernes"]
[Date "2024.03.27"]
[Round "4.14"]
[White "Mitusov, Semen"]
[Black "Moksh Amit Doshi"]
[Result "1/2-1/2"]
[ECO "B50"]
[WhiteElo "2487"]
[BlackElo "2353"]
[Annotator "TA"]
[PlyCount "74"]
[EventDate "2024.03.25"]
[EventType "swiss"]
[EventCountry "NOR"]
[SourceTitle "playchess.com"]
[Source "ChessBase"]
[SourceQuality "1"]
[TimeControl "40/6000+30:2400+30"]

1. e4 c5 2. Nf3 d6 3. Bb5+ Bd7 4. Bxd7+ Nxd7 5. O-O Ngf6 6. Qe2 e6 7. b3 g6 8. Bb2 Bg7 9. d4 cxd4 {[%emt 0:00:48] Die Stellung ist ausgeglichen.} 10. Nxd4 Nc5 11. Nd2 O-O 12. c4 Re8 13. Rad1 a6 14. h3 e5 15. N4f3 Qc7 16. Rfe1 b5 17. b4 Na4 18. Ba1 Qb6 19. Nb3 Rac8 20. Na5 Nh5 21. a3 Nf4 22. Qf1 Red8 23. Rd2 Bf8 24. Rc1 Ne6 {[%emt 0:02:08] Und ...Bh6 würde nun gewinnen.} 25. Rdc2 Bh6 26. Rd1 Bf8 (26... Nac5 $5) 27. Qe1 bxc4 28. Nxc4 Qb8 29. Qd2 Nb6 30. Na5 Qa8 {[%emt 0:00:24] Gegen Nc6 gerichtet.} 31. Re1 Rxc2 32. Qxc2 Rc8 33. Qb3 Rc7 34. Bc3 Bh6 35. Rd1 Bf8 36. Re1 Bh6 37. Rd1 Bf8 {[%emt 0:00:25] Gewichteter Fehlerwert: Weiß=0.06 (makellos) /Schwarz=0.04 (makellos) .  Ungenau:       	Weiß=1     	Schwarz=1     OK:         	Weiß=12    	Schwarz=17    Bester:       	Weiß=1     	---} 1/2-1/2

[Event "Fagernes Chess GM-Swiss 2024"]
[Site "Fagernes"]
[Date "2024.03.27"]
[Round "4.15"]
[White "Ghasi, Ameet K"]
[Black "Haug, Havard"]
[Result "1-0"]
[ECO "A08"]
[WhiteElo "2485"]
[BlackElo "2341"]
[Annotator "TA"]
[PlyCount "165"]
[EventDate "2024.03.25"]
[EventType "swiss"]
[EventCountry "NOR"]
[SourceTitle "playchess.com"]
[Source "ChessBase"]
[SourceQuality "1"]
[TimeControl "40/6000+30:2400+30"]

1. Nf3 d5 2. g3 c5 3. Bg2 Nf6 4. O-O Nc6 5. d3 e5 6. e4 dxe4 7. dxe4 Qxd1 8. Rxd1 Bg4 9. c3 Nxe4 {[%emt 0:03:13] A08: Königsindisch im Anzug.} 10. h3 Bxf3 11. Bxf3 Nd6 12. Be3 $146 ({Predecessor:} 12. Bxc6+ bxc6 13. Na3 O-O-O 14. Be3 Nf5 15. Nc4 f6 16. Rxd8+ Kxd8 17. Kg2 Be7 18. Rd1+ {½-½ Dzindzichashvili,R (2460)-De Firmian,N (2475) USA-ch Greenville 1983 (7)}) 12... Nc4 13. Nd2 Nxe3 14. fxe3 f5 15. Bd5 g6 16. Nc4 e4 17. g4 fxg4 18. hxg4 h5 19. Bxe4 hxg4 20. Kg2 Ke7 21. Rd6 Rd8 22. Rxd8 Nxd8 23. Ne5 Rg8 24. Rd1 Kf6 25. Nxg4+ Ke7 26. Ne5 Kf6 27. Nxg6 Be7 28. Rf1+ Ke6 29. Bf5+ Kd6 30. Rd1+ (30. Kf3 $142 {Rd1+ ist eine echte Drohung.} Bf6 31. Ke2) 30... Kc6 $16 31. Kf3 Bd6 32. Be4+ Kc7 33. Rh1 Rg7 34. Bf5 Rf7 35. Ke4 Nc6 36. Nf4 Re7+ 37. Ne6+ Kb6 38. Rd1 Bc7 39. Kf3 Ne5+ 40. Ke2 Nc4 41. e4 Nd6 (41... Bb8 $16 42. b3 Nd6) 42. Kf3 Kc6 43. Nxc7 Kxc7 44. Rd2 b6 45. Kf4 Rf7 46. Rh2 a5 47. a4 Kc6 (47... Rf8 {war nötig.} 48. Rh6 Nc4) 48. Rh6 $18 Kc7 $2 (48... Rf8 49. Ke5 Re8+ 50. Re6 Rd8) 49. Rh7 $18 Rxh7 50. Bxh7 Nc4 51. b3 Nd2 (51... Nb2 $142 52. Ke5 c4) 52. e5 $18 Kd7 53. Bc2 Ke6 54. Bf5+ $2 (54. Bd3 {Und jetzt Ke3 wäre schön.} c4 55. Bxc4+ (55. bxc4 Nb3 $18) 55... Kd7 56. Ke3) 54... Ke7 $18 55. Ke3 $2 ({Viel schwächer ist} 55. Bc2 c4 56. b4 Kd7) (55. Bd3 $1 $18 {und der Rest ist Schweigen. Droht Ke3 und aus.} Nxb3 56. Bb5) 55... Nxb3 $16 56. Bd3 ({Vorzuziehen ist} 56. Kd3 $1 $16) 56... c4 $1 $11 57. Bxc4 Nc5 58. Bb5 Ke6 59. Kd4 Nb3+ 60. Ke4 Nc5+ $1 61. Kf4 (61. Kd4 $5) 61... Ke7 (61... Kf7 $1 $11) 62. Kf5 $16 Kf7 63. e6+ $1 Ke7 64. Ke5 Nxe6 65. Kd5 Nd8 {[%emt 0:06:30] [#]} 66. c4 $1 Ne6 $2 (66... Kf6 $16) 67. Kc6 Nc5 68. Kxb6 Kd6 69. Kxa5 Kc7 70. Be8 Nb7+ {[%emt 0:03:38] [#]} 71. Kb4 $1 Kb6 72. Bh5 Ka7 73. Bf3 Nd6 74. Bd5 Ne8 75. Kb5 Nc7+ 76. Kc6 Na6 77. c5 Nb4+ 78. Kd6 Na6 79. Bc4 Nb8 80. Bb5 Kb7 81. c6+ Kc8 82. c7 Nc6 83. Ba6# 1-0

[Event "Fagernes Chess GM-Swiss 2024"]
[Site "Fagernes"]
[Date "2024.03.27"]
[Round "4.16"]
[White "Sokolovsky, Yahli"]
[Black "Lund, Gunnar"]
[Result "1/2-1/2"]
[ECO "C02"]
[WhiteElo "2475"]
[BlackElo "2335"]
[Annotator "TA"]
[PlyCount "114"]
[EventDate "2024.03.25"]
[EventType "swiss"]
[EventCountry "NOR"]
[SourceTitle "playchess.com"]
[Source "ChessBase"]
[SourceQuality "1"]
[TimeControl "40/6000+30:2400+30"]

1. e4 e6 2. d4 d5 3. e5 c5 4. c3 Nc6 5. Nf3 Nh6 6. Bxh6 gxh6 7. dxc5 Bxc5 8. Bd3 Bd7 9. O-O Qc7 10. b4 {[%emt 0:08:50] White is slightly better.} Bf8 11. Re1 Bg7 12. Qe2 O-O 13. Bc2 (13. Nbd2 $16) 13... f6 14. exf6 Rxf6 (14... Bxf6 {simplifies} 15. Na3 a6 16. Rac1 Qf4) 15. Qd3 Be8 16. Qxh7+ Kf8 {[%emt 0:01:17][%cal Of6f3] And now ...Rxf3! would win.} 17. b5 {[%emt 0:09:57] [#] White is more active.} (17. Nbd2 $16) 17... Rxf3 $1 18. bxc6 ({Much weaker is} 18. gxf3 Ne5 19. Re3 Bf7 20. Rxe5 (20. Nd2 $2 Bg8 $19) 20... Qxe5 $19) 18... Rf6 19. cxb7 Rb8 20. Nd2 {[%emt 0:06:20] aiming for Nf3.} Qxc3 21. Nb3 Rxb7 22. Re3 $132 {[%emt 0:00:30][%mdl 2048] White puts up resistance. Really sharp!} Qb4 23. Rae1 Re7 24. Qd3 {[%emt 0:00:45] Wards off e5} Bf7 25. Bb1 {[%emt 0:14:06] [#]} (25. a3 $11 Qxa3 26. Qd1) 25... e5 $1 $17 26. Rc1 (26. f3 d4) 26... Qb8 {[%emt 0:01:52] Wards off Rc8+} 27. Qe2 Rc7 ({Black should try} 27... e4 $15) 28. Rxc7 $11 (28. Rxe5 $2 {loses.} Rxc1+ 29. Nxc1 Rc6 $19 (29... Qxb1 $2 30. Qd1 $19) (29... Qxb1 $2 30. Qd1 $19)) 28... Qxc7 29. Rxe5 {[%emt 0:00:03] [#]} Rxf2 $1 30. Re8+ Bxe8 {[%emt 0:00:08] A strong pair of Bishops.} 31. Qxf2+ Kg8 32. Qf5 Qe5 33. Qxe5 Bxe5 $15 {[%emt 0:00:02][%mdl 4096] Endgame. KBB-KBN} 34. Kf2 Kf8 ({Inferior is} 34... Bxh2 35. g3 $16) 35. g3 Ke7 36. Ke3 Bc7 37. Bd3 Bb6+ 38. Kf4 Kf6 39. Nd2 Bc5 40. Nf3 Bd7 41. Ne1 a5 42. Ba6 Bf5 43. Bd3 Be6 44. Bb5 Bb4 45. Nf3 {[%emt 0:01:26] Prevents Bd2+.} Bf5 46. Bc6 Be4 47. g4 Ba3 48. Ke3 Bc1+ (48... Ke6 $5 ) 49. Ke2 Ke6 50. Bb5 Bb1 51. a4 Kd6 52. h4 Kc5 53. g5 hxg5 54. hxg5 Kb4 55. Bc6 Kc5 56. Be8 (56. Bb5 $1 $11 {was preferrable.}) 56... d4 {[%emt 0:02:06] Strongly threatening ...d3+.} 57. Bb5 Bf4 {[%emt 0:05:37] Weighted Error Value: White=0.12 (very precise) /Black=0.09 (flawless) .  Mistake:       	White=4     	Black=1      Inaccurate:     	White=2     	Black=8      OK:         	White=23    	Black=15     Best:        	White=2     	Black=3      Brilliant:      	---       	Black=1} 1/2-1/2

[Event "Fagernes Chess GM-Swiss 2024"]
[Site "Fagernes"]
[Date "2024.03.27"]
[Round "4.17"]
[White "Kistrup, Nicolai"]
[Black "Hillarp Persson, Tiger"]
[Result "1/2-1/2"]
[ECO "A31"]
[WhiteElo "2324"]
[BlackElo "2473"]
[Annotator "TA"]
[PlyCount "115"]
[EventDate "2024.03.25"]
[EventType "swiss"]
[EventCountry "NOR"]
[SourceTitle "playchess.com"]
[Source "ChessBase"]
[SourceQuality "1"]
[TimeControl "40/6000+30:2400+30"]

1. e4 c5 2. Nf3 e6 3. d4 cxd4 4. Nxd4 a6 5. c4 Nf6 6. Nc3 Qc7 7. a3 b6 8. Be3 Bb7 9. f3 d6 10. Be2 Be7 11. O-O Nbd7 12. Rc1 O-O 13. b4 Rac8 14. Qd2 Qb8 15. Rfd1 Rfe8 16. Nb3 {[%emt 0:01:10] 16.Bf1 might become the main line.} h5 {[%emt 0:04:24] A31: Symmetrical English: 2 Nf3 Nf6 3 d4.} 17. Bf2 Red8 $146 ({Predecessor:} 17... Bc6 18. Rc2 Ba8 19. Kh1 Ne5 20. Na4 Nfd7 21. Nb2 h4 22. h3 Nf6 23. Bxh4 Nxe4 24. Qe1 Bxh4 25. Qxh4 {½-½ Havasi,G (2362)-Babiy,O (2341) Budapest FS11 GM 2015 (3)}) 18. Kh1 Ba8 19. Qe3 Re8 20. Na4 Bd8 21. Bg3 Bc7 22. Qd2 b5 {[%emt 0:07:13] [#]} (22... Ne5 $14) 23. cxb5 $1 $16 axb5 24. Nc3 d5 25. Bxc7 (25. Bxb5 Bxg3 26. hxg3 Rxc3 27. Qxc3 Qxb5 $15) 25... Rxc7 26. exd5 (26. Nxb5 $6 Rxc1 27. Rxc1 (27. Qxc1 Rc8 $17) 27... dxe4 $11) (26. Bxb5 dxe4 27. Be2 exf3 28. Bxf3 Ne5 29. Bxa8 Neg4 $17 (29... Qxa8 30. Qd6 $16)) 26... Nxd5 27. Nxb5 Rxc1 28. Rxc1 h4 29. Nc7 Rd8 30. Nxa8 Qxa8 31. Na5 N7f6 32. Qg5 Rc8 33. Rxc8+ Qxc8 34. Nc4 (34. Qxh4 $2 Qc1+) 34... h3 35. gxh3 Nc3 36. Bf1 Qa8 37. Qe3 Nfd5 38. Qd3 Qa7 (38... Qd8 $11) 39. Qd2 $14 Nb5 40. Qb2 Nbc3 41. b5 Qb8 42. b6 Na4 43. Qb5 Naxb6 44. Nxb6 Nxb6 45. a4 Qc7 46. a5 $1 Nd5 47. a6 Qa7 48. h4 (48. Bc4 $16) 48... Nf4 $1 $11 49. Qb2 Qe3 50. Qb8+ Kh7 51. Qb1+ f5 52. Qd1 Qf2 53. h5 e5 54. Qa1 Qxf3+ 55. Kg1 Qe3+ (55... Nxh5 56. a7 (56. Qxe5 Qg4+ 57. Kf2 Nf6 $14) 56... Qa8 57. Bg2 $18 (57. Qxe5 Qxa7+ 58. Kg2 Qb7+ 59. Kf2 Qb6+ 60. Kf3 Qb3+ 61. Kf2 Qb6+ 62. Kf3 Qc6+ 63. Kf2 Qf6 $17)) 56. Kh1 Qf3+ (56... Nxh5 $2 {too greedy.} 57. a7 $18) 57. Kg1 Qe3+ (57... Nxh5 58. a7 (58. Qxe5 Qg4+ 59. Kf2 Nf6 $14) 58... Qa8 59. Bg2 $18 (59. Qxe5 Qxa7+ 60. Kg2 Qb7+ 61. Kf2 Qb6+ 62. Ke2 g6 $17)) 58. Kh1 1/2-1/2

[Event "Fagernes Chess GM-Swiss 2024"]
[Site "Fagernes"]
[Date "2024.03.27"]
[Round "4.18"]
[White "Kvaloy, Aksel Bu"]
[Black "Vagman, Roy"]
[Result "1/2-1/2"]
[ECO "D02"]
[WhiteElo "2454"]
[BlackElo "2311"]
[Annotator "RC"]
[PlyCount "151"]
[EventDate "2024.03.25"]
[EventType "swiss"]
[EventCountry "NOR"]
[SourceTitle "playchess.com"]
[Source "ChessBase"]
[SourceQuality "1"]
[TimeControl "40/6000+30:2400+30"]

1. d4 d5 2. Nf3 Nf6 3. Bf4 e6 4. e3 Bd6 5. Ne5 O-O 6. Bd3 b6 7. Nd2 Ba6 8. Bxa6 Nxa6 9. h4 c5 10. h5 Qc7 11. h6 g6 12. Qf3 cxd4 13. exd4 Qxc2 14. Ng4 Be7 15. Bd6 Nxg4 16. Bxe7 Rfe8 17. Qxg4 Rxe7 18. Qh4 f6 19. Nb3 Qe4+ 20. Qxe4 dxe4 21. Kd2 Nb4 22. a3 Nd5 23. Rac1 Rd8 24. Rc6 Kf7 25. g3 Rc7 26. Rxc7+ Nxc7 27. Rc1 Nd5 28. Ke2 f5 29. Nd2 g5 30. Nc4 g4 31. Ne5+ Kf6 32. Rc6 Ke7 33. Rc1 Ra8 34. b4 a6 35. Kd2 Kd8 36. Rc6 Ke7 37. Rc1 Rf8 38. Nc6+ Kf6 39. Ne5 Ke7 40. Nc6+ Kd6 41. Ne5 Ne7 42. Ke2 b5 43. Rc5 Rc8 44. Nf7+ Kd7 45. Ng5 Rxc5 46. dxc5 Ng8 47. Nxh7 Nxh6 48. Nf8+ Ke7 49. Ng6+ Kf6 50. Nf8 Nf7 51. Nd7+ Ke7 52. Nb8 Kd8 53. Nxa6 Kd7 54. c6+ Kxc6 55. Nc5 Kd5 56. Ke3 e5 57. a4 bxa4 58. Nxa4 Nd6 59. Nc5 Nc4+ 60. Ke2 f4 61. Nd7 Ke6 62. Nc5+ Kf5 63. b5 e3 64. fxe3 Nxe3 65. b6 Nc2 66. b7 Nd4+ 67. Kf2 Nc6 68. Nd7 e4 69. b8=Q Nxb8 70. Nxb8 e3+ 71. Ke2 Ke4 72. Nd7 fxg3 73. Nc5+ Kd4 74. Nb3+ Ke4 75. Nc5+ Kd5 76. Nd3 1/2-1/2

[Event "Fagernes Chess GM-Swiss 2024"]
[Site "Fagernes"]
[Date "2024.03.27"]
[Round "4.19"]
[White "Elsness, Frode"]
[Black "Eliseev, Sergey"]
[Result "1/2-1/2"]
[ECO "A07"]
[WhiteElo "2437"]
[BlackElo "2131"]
[Annotator "TA"]
[PlyCount "85"]
[EventDate "2024.03.25"]
[EventType "swiss"]
[EventCountry "NOR"]
[SourceTitle "playchess.com"]
[Source "ChessBase"]
[SourceQuality "1"]
[TimeControl "40/6000+30:2400+30"]

1. Nf3 d5 2. g3 b6 3. Bg2 Bb7 4. d4 e6 5. O-O Nd7 6. c4 dxc4 7. Qa4 a6 8. Qxc4 Ngf6 {Repels e4} 9. Rd1 Be7 10. Nc3 b5 11. Qd3 c5 12. dxc5 {Threatening b4.} Nxc5 13. Qc2 Qb6 14. Be3 {[#] Strongly threatening b4.} Qc7 15. Bf4 Qb6 16. a4 {axb5 would now be deadly.} bxa4 17. Nxa4 Nxa4 18. Qxa4+ Bc6 19. Qa5 Qxa5 20. Rxa5 Bb4 (20... O-O $11 {is more appropriate.}) 21. Raa1 O-O 22. Rdc1 Bd5 23. Ne5 Bxg2 24. Kxg2 Nd5 25. Nd3 ({White should try} 25. Nc6 $14 Rfc8 26. Nxb4 Rxc1 27. Rxc1 (27. Bxc1 Nxb4 28. Bd2 Nc6 $14) 27... Nxb4 28. Bd6) 25... Nxf4+ $11 26. gxf4 Be7 27. Rc7 Rfe8 28. Ra4 h6 29. Kf3 {White has more active pieces.} a5 30. Rb7 Bd6 31. Rb5 {The position is equal.} Bc7 32. Rc4 Ra7 33. Rbc5 Bd6 34. Rc6 Be7 35. Rc7 Rxc7 36. Rxc7 {[%mdl 4096] Endgame. KRB-KRN} Bf6 37. Rb7 Ra8 38. Nc5 a4 39. e3 a3 40. bxa3 Rxa3 41. Rb8+ Kh7 42. Nd7 Be7 43. Nf8+ {[%emt 1:32:26] Weighted Error Value: White=0.09 (flawless) /Black=0.08 (flawless) .  Mistake:       	White=1     	Black=1      Inaccurate:     	White=3     	Black=4      OK:         	White=13    	Black=18     Best:        	---       	Black=3} 1/2-1/2

[Event "Fagernes Chess GM-Swiss 2024"]
[Site "Fagernes"]
[Date "2024.03.27"]
[Round "4.20"]
[White "Tsolakidou, Stavroula"]
[Black "Nandhidhaa, P V"]
[Result "1/2-1/2"]
[ECO "C41"]
[WhiteElo "2424"]
[BlackElo "2305"]
[Annotator "TA"]
[PlyCount "90"]
[EventDate "2024.03.25"]
[EventType "swiss"]
[EventCountry "NOR"]
[SourceTitle "playchess.com"]
[Source "ChessBase"]
[SourceQuality "1"]
[TimeControl "40/6000+30:2400+30"]

1. e4 d6 2. d4 Nf6 3. Nc3 e5 4. Nf3 Nbd7 5. Bc4 Be7 6. O-O O-O 7. Re1 c6 8. a4 h6 9. h3 Re8 10. a5 Qc7 11. Bf1 exd4 12. Nxd4 {[%emt 0:01:22] White is slightly better.} Bf8 13. Bf4 Ne5 14. Qd2 Bd7 15. Bh2 Rad8 16. f4 Ng6 17. Kh1 (17. Nf3 $5) 17... Qc8 $1 18. Qf2 c5 $1 19. Nf3 Bc6 20. Nd2 b6 21. axb6 axb6 22. Bd3 (22. Rad1 $5) 22... Qb7 23. e5 dxe5 24. fxe5 Nd5 {[%emt 0:00:45] [#]} 25. e6 $1 {[%emt 0:00:37] White is more active.} Nxc3 26. bxc3 Bd5 27. Ba6 Qe7 28. Bb5 Bxe6 $1 29. Bxe8 Rxe8 30. Nc4 Qd7 31. Ne3 b5 32. Qf3 Qd2 33. Qe2 Qxc3 34. Qxb5 Rd8 35. Qa5 Qf6 36. Rad1 Rd4 37. Rxd4 cxd4 38. Ng4 Bxg4 39. hxg4 Qf2 40. Rc1 Nf4 41. Qa8 (41. Rg1 $1 $14) 41... d3 $1 $11 {[%emt 0:04:54] The position is equal.} 42. cxd3 Nxd3 43. Rb1 Qh4 44. Rf1 Qxg4 45. Qe8 (45. Qd5 $5 Qg6 $8 46. Qf5 $11) 45... Nf2+ {[%emt 0:03:54] Weighted Error Value: White=0.12 (very precise) /Black=0.06 (flawless) .  Mistake:       	White=1     	---        Inaccurate:     	White=6     	Black=4      OK:         	White=11    	Black=15     Best:        	White=2     	Black=2      Strong:       	---       	Black=4} 1/2-1/2

[Event "Fagernes Chess GM-Swiss 2024"]
[Site "Fagernes"]
[Date "2024.03.27"]
[Round "4.21"]
[White "Amar, Elham"]
[Black "Melaa, Sondre"]
[Result "1-0"]
[ECO "C54"]
[WhiteElo "2567"]
[BlackElo "2285"]
[Annotator "TA"]
[PlyCount "63"]
[EventDate "2024.03.25"]
[EventType "swiss"]
[EventCountry "NOR"]
[SourceTitle "playchess.com"]
[Source "ChessBase"]
[SourceQuality "1"]
[TimeControl "40/6000+30:2400+30"]

1. e4 e5 2. Nf3 Nc6 3. Bc4 Nf6 4. d3 Bc5 5. c3 a6 6. Bg5 Be7 7. O-O d6 8. b4 O-O {[%emt 0:01:40] Die Stellung ist ausgeglichen.} 9. Nbd2 Ng4 10. Bxe7 Nxe7 11. Re1 Ng6 12. d4 Qf6 13. Bf1 h5 14. h3 Nh6 15. Nc4 Be6 16. Ne3 Nf4 17. c4 g5 18. Nd5 Qg7 19. dxe5 dxe5 20. Nh2 Rad8 21. Qf3 f5 (21... g4 $11 {hält das Gleichgewicht.} 22. hxg4 hxg4) 22. Nxf4 $16 gxf4 23. Qxh5 fxe4 24. Rxe4 Rf5 25. Qh4 Rd2 (25... Re8 $16 {war einen Versuch wert.}) 26. Nf3 $18 Rb2 {[%emt 0:00:20] [#]} (26... Rd7 {war nötig.}) 27. Nd4 {[%emt 0:01:39] Weiß steht klar auf Gewinn.} Rf6 (27... Bd7 $142 28. Nxf5 Bxf5) 28. Rxe5 Bf7 29. Rg5 Rg6 30. Rxg6 Qxg6 31. Qxf4 Rxb4 32. Nf3 {[%emt 0:00:43] Gewichteter Fehlerwert: Weiß=0.12 (sehr präzise) /Schwarz=0.39.  Fehler:       	---       	Schwarz=4     Ungenau:       	Weiß=3     	Schwarz=1     OK:         	Weiß=7     	Schwarz=6     Bester:       	Weiß=3     	---} 1-0